 Dungeon Crawl Stone Soup version 0.25-a0-886-gd7461d2276 (webtiles) character file.

Game seed: 10669027545806381164, levelgen mode: deterministic

159 Conn the Magician (level 5, -3/32 HPs)
             Began as an Octopode Wizard on May 2, 2020.
             Slain by a hippogriff (4 damage)
             ... on level 6 of the Dungeon.
             The game lasted 00:12:02 (3990 turns).

Conn the Magician (Octopode Wizard)                 Turns: 3990, Time: 00:12:02

Health: -3/32      AC:  1    Str:  6    XL:     5   Next: 40%
Magic:  7/11       EV: 13    Int: 21    God:
Gold:   154        SH:  0    Dex: 11    Spells: 1/12 levels left

rFire    . . .     SeeInvis .   p - +0 short sword
rCold    . . .     Gourm    .   (no shield)
rNeg     . . .     Faith    .   a - +0 hat
rPois    .         Spirit   .   (no amulet)
rElec    .         Reflect  .   u - ring of wizardry
rCorr    .         Harm     .   (no ring)
MR       .....                  (no ring)
Stlth    +++.......             (no ring)
HPRegen  0.10/turn              (no ring)
MPRegen  0.12/turn              (no ring)
                                (no ring)
                                (no ring)

@: about to teleport
A: almost no armour, stealthy swim, amphibious, 8 rings, constrict 8, camouflage
1, gelatinous body 1
a: no special abilities


You were on level 6 of the Dungeon.
You were not hungry.

You visited 1 branch of the dungeon, and saw 6 of its levels.
You also visited: Sewer.

You collected 154 gold pieces.

Inventory:

Hand Weapons
 m - a +0 dagger
 p - a +0 short sword (weapon)
Armour
 a - a +0 hat (worn)
Jewellery
 u - a ring of wizardry (left tentacle)
Scrolls
 b - 2 scrolls of remove curse {unknown}
 d - 3 scrolls of identify
 e - 2 scrolls of blinking {unknown}
 g - a scroll of amnesia {unknown}
 h - a scroll of magic mapping {unknown}
 i - 5 scrolls of teleportation
 l - 3 scrolls of fear {unknown}
 n - 2 scrolls of enchant armour {unknown}
 q - 2 scrolls of fog {unknown}
Potions
 f - 3 potions of heal wounds {unknown}
 j - a potion of stabbing {unknown}
 k - 6 potions of curing
 o - 3 potions of might {unknown}
 r - a potion of flight {unknown}
 t - a potion of degeneration {unknown}
 v - a potion of mutation {unknown}
Comestibles
 c - 4 rations
 s - a chunk of flesh


   Skills:
 + Level 0.6 Fighting
 + Level 1.1 Short Blades
 + Level 2.6 Dodging
 + Level 4.0 Stealth
 + Level 0.5 Unarmed Combat
 + Level 4.2 Spellcasting
 * Level 1.3 Conjurations
 + Level 1.4 Summonings
 + Level 1.0 Translocations


You had one spell level left.
You knew the following spells:

 Your Spells              Type           Power        Failure   Level  Hunger
a - Magic Dart            Conj           ##..         2%          1    None
b - Blink                 Tloc           N/A          4%          2    #......
c - Call Imp              Summ           ##......     4%          2    #......
d - Conjure Flame         Conj/Fire      #.......     11%         3    ###....
e - Mephitic Cloud        Conj/Pois/Air  #.......     12%         3    ###....

Your spell library contained the following spells:

 Spells                   Type           Power        Failure   Level  Hunger
 Slow                     Hex            #.......     8%          2    #......


Dungeon Overview and Level Annotations

Branches:
Dungeon (7/15)              Sewer (visited)
 Temple: D:4-7

Altars:
Dithmenos
Gozag
Trog
Wu Jian


Innate Abilities, Weirdness & Mutations

You cannot wear most types of armour.
You are very stealthy in the water. (Stealth+)
You are amphibious.
You can wear up to eight rings at the same time.
You can use your tentacles to constrict eight enemies at once.
Your skin changes colour to match your surroundings (Stealth+).
Your rubbery body absorbs attacks. (AC +1, EV +1)


Message History

Casting: Magic Dart (safe; 2% risk of failure)
Confirm with . or Enter, or press ? or * to list all spells.
You blink.
Unknown command.
Casting: Blink (safe; 4% risk of failure)
Confirm with . or Enter, or press ? or * to list all spells.
You blink.
As you read the scroll labeled KINNIE VERA, it crumbles to dust.
It is a scroll of identify.
i - 6 scrolls of teleportation The hippogriff barely misses you.
The hippogriff pecks you. The hippogriff barely misses you.
Okay, then.
It was a potion of curing.
You feel better.
As you read the scroll of teleportation, it crumbles to dust.
You feel strangely unstable. The hippogriff bites you!
The hippogriff pecks you!
* * * LOW HITPOINT WARNING * * *
The hippogriff claws you.
You die...

....(#⌠##
#....##
###⌠..##
##...##
##O.⌠#
#5>.#
##..⌠#
##.H.##
#⌠.@##
+..## #⌠#
##


You could see a hippogriff, an ogre and a crimson imp.

Vanquished Creatures
  A hound (D:2)
  2 adders
  An ooze (D:3)
  2 worms (D:3)
  A dart slug (D:1)
  A leopard gecko (D:1)
  6 ball pythons
  4 bats
  2 giant cockroaches (D:1)
  7 goblins
  7 hobgoblins
  6 jackals (Sewer)
  A quokka (D:3)
  9 frilled lizards
  12 kobolds
  7 rats
  A plant (Sewer)
70 creatures vanquished.

Vanquished Creatures (collateral kills)
  Jessica (D:3)
  3 adders
  A river rat (D:3)
  An orc (D:3)
  2 giant cockroaches
  A goblin (D:2)
  A hobgoblin (D:2)
  A jackal (Sewer)
  3 ball pythons
  2 frilled lizards (Sewer)
  A rat (D:3)
17 creatures vanquished.

Grand Total: 87 creatures vanquished

Notes
Turn   | Place    | Note
-------+----------+-------------------------------------------
     0 | D:1      | Conn the Octopode Wizard began the quest for the Orb.
     0 | D:1      | Reached XP level 1. HP: 11/11 MP: 4/4
   272 | D:1      | Reached XP level 2. HP: 11/17 MP: 0/6
   993 | D:1      | Reached XP level 3. HP: 16/21 MP: 8/8
  1106 | D:1      | Learned a level 2 spell: Blink
  1109 | D:1      | Learned a level 2 spell: Call Imp
  1113 | D:1      | Learned a level 3 spell: Conjure Flame
  1363 | D:2      | Reached XP level 4. HP: 27/27 MP: 9/9
  1507 | D:2      | Found a faded altar of an unknown god.
  1523 | D:2      | Found a bloodstained altar of Trog.
  2026 | D:3      | Learned a level 3 spell: Mephitic Cloud
  2109 | D:3      | Found a glowing drain.
  2132 | D:3      | Reached skill level 1 in Short Blades
  2159 | Sewer    | Entered a sewer
  2717 | Sewer    | Reached XP level 5. HP: 29/32 MP: 7/11
  3049 | D:3      | Noticed Jessica
  3064 | D:3      | Killed Jessica
  3230 | D:3      | Found an ornate altar of the Wu Jian Council.
  3442 | D:3      | Found a shadowy altar of Dithmenos.
  3649 | D:3      | Found an opulent altar of Gozag.
  3980 | D:4      | You fall into a shaft and drop 3 floors!
  3981 | D:7      | Noticed a hippogriff
  3984 | D:6      | Noticed an ogre
  3990 | D:6      | HP: 1/32 [hippogriff (9)]
  3990 | D:6      | Slain by a hippogriff

Levels and vault maps discovered:
D:1:      psy_arrival_conway, layout_basic, dk_noncrumbling_3
D:2:      layout_basic, overflow_temple_1_default,
          chequers_ecumenical_altar_island
D:3:      layout_basic, old_standard_altar, grunt_dithmenos_smoke_and_mirrors,
          lemuel_crystal_altar, portal_sewer_entry_a, uniq_jessica
D:4:      layout_basic, minmay_temple_entry_glassed_door, first_ration
D:6:      layout_basic, cheibriados_altar_1, grunt_ministairs_8,
          kennysheep_generic_room_7, uniq_eustachio
D:7:      layout_loops_ring, serial_shops, nicolae_shop_waterfront

Skill      XL: |  1  2  3  4  5 |
---------------+----------------+-----
Stealth        | 3 4 |  4.0
Spellcasting   | 4 |  4.2
Short Blades   | 1 |  1.1
Fighting       | |  0.6
Dodging        | |  2.6
Unarmed Combat | |  0.5
Conjurations   | |  1.3
Summonings     | |  1.4
Translocations | |  1.0

Action                   |  1- 3 |  4- 6 || total
-------------------------+-------+-------++-------
Melee: Unarmed           |    19 |       ||    19
       Constrict         |    11 |    19 ||    30
       Tentacles         |     2 |     7 ||     9
       Dagger            |    22 |     8 ||    30
       Short sword       |       |    91 ||    91
       Punch             |       |     1 ||     1
 Cast: Magic Dart        |    30 |    48 ||    78
       Call Imp          |     4 |    12 ||    16
       Blink             |       |     2 ||     2
  Use: Scroll            |       |     2 ||     2
       Potion            |       |     1 ||     1
 Stab: Sleeping          |     4 |     5 ||     9
  Eat: Chunk             |     1 |     9 ||    10
Armor: Skin              |     2 |    11 ||    13
Dodge: Dodged            |    25 |    78 ||   103

Table legend:
 A = Non-vault XP
 B = Vault XP
 C = Vault XP percentage of total XP
 D = Non-vault monster count
 E = Vault monster count
 F = Vault count percentage of total count
                 A         B        C        D         E       F
            +---------+---------+-------+---------+---------+-------
      Total |     150 |      78 |  34.2 |      53 |      33 |  38.4
            +---------+---------+-------+---------+---------+-------
        D:1 |      35 |       0 |   0.0 |      20 |       0 |   0.0
        D:2 |      73 |       0 |   0.0 |      18 |       0 |   0.0
        D:3 |      42 |      36 |  46.2 |      15 |       8 |  34.8
      Sewer |       0 |      42 | 100.0 |       0 |      25 | 100.0
            +---------+---------+-------+---------+---------+-------
